AoeStats
← Smoke

MegaRandom

509735468Analyzed
3v3 RM · 4d ago on Sep 27, 2026· 59m 7s· 6 players
Game mode
Random Map
Map size
Normal (6 player)
Population
200
Speed
Normal
Resources
Standard
Victory
Conquest
Starting age
Dark Age
Ending age
Imperial Age
RankedLock teamsTeams togetherTeam positionsShared explorationLock speedFull tech treeHidden civsTurbo modeCheats
Victory
Defeat
🇩🇪 Tatars · Germany
1494
+7
🇩🇪 Ethiopians · Germany
1229
+18
🇩🇪 Mongols · Germany
1228
+17
🇲🇽 Tatars · Mexico
1321
-16
🇨🇿 Tupi · Czechia
1289
-15
🇻🇪 Maya · Venezuela
1194
-11
dulinek
3:19 Loom
12:29 Feudal Age
14:28 Double-Bit Axe
14:34 Gold Mining
14:47 Horse Collar
21:05 Castle Age
19:19 Stone Mining
29:02 Fletching
29:13 Padded Archer Armor
32:50 Leather Archer Armor
43:21 Heavy Plow
48:26 Town Watch
51:09 Elite Skirmisher
52:57 Wheelbarrow
_DLAGON_
10:29 Loom
13:10 Feudal Age
14:00 Double-Bit Axe
14:18 Town Watch
14:29 Town Watch
19:02 Castle Age
17:00 Horse Collar
18:12 Fletching
19:00 Padded Archer Armor
19:49 Bodkin Arrow
20:40 Elite Skirmisher
23:06 Wheelbarrow
23:44 Leather Archer Armor
26:10 Forging
30:54 Pikeman
31:43 Scale Mail Armor
35:30 Chain Mail Armor
37:00 Iron Casting
44:49 Ballistics
47:19 Imperial Age
45:27 Squires
45:36 Heavy Plow
46:48 Devotion
50:17 Plate Mail Armor
50:33 Halberdier
55:28 Capped Ram
Smoke
4:29 Loom
14:51 Feudal Age
16:02 Double-Bit Axe
18:36 Town Watch
24:26 Castle Age
22:45 Horse Collar
23:15 Fletching
23:53 Gold Mining
24:59 Padded Archer Armor
26:22 Wheelbarrow
26:01 Bow Saw
29:20 Bodkin Arrow
29:29 Pikeman
31:24 Bloodlines
31:14 Husbandry
32:14 Elite Skirmisher
37:44 Ballistics
39:18 Heavy Plow
40:47 Leather Archer Armor
47:31 Imperial Age
50:10 Squires
58:06 Light Cavalry
Quincy Ironclad
12:48 Loom
14:39 Feudal Age
16:12 Stone Mining
16:15 Gold Mining
19:10 Castle Age
19:16 Double-Bit Axe
19:14 Horse Collar
20:49 Scale Mail Armor
21:00 Forging
21:08 Heavy Plow
21:21 Bow Saw
22:31 Chain Mail Armor
24:35 Iron Casting
29:31 Gold Mining
34:36 Fletching
34:46 Padded Archer Armor
36:26 Elite Skirmisher
37:11 Thumb Ring
39:15 Wheelbarrow
42:41 Bodkin Arrow
45:36 Hand Cart
45:06 Town Watch
51:29 Caravan
52:45 Leather Archer Armor
55:00 Gold Shaft Mining
55:30 Squires
55:15 Arson
Fischfuss
5:02 Loom
14:12 Feudal Age
20:46 Castle Age
21:48 Fletching
24:16 Padded Archer Armor
26:14 Horse Collar
31:10 Bloodlines
32:09 Double-Bit Axe
32:58 Heavy Plow
32:50 Town Watch
33:54 Forging
33:49 Scale Barding Armor
39:49 Imperial Age
38:40 Iron Casting
40:29 Chain Barding Armor
40:15 Husbandry
43:42 Elite Steppe Lancer
46:30 Blast Furnace
47:07 Wheelbarrow
46:33 Town Patrol
51:12 Caravan
56:28 Hand Cart
Timmeeey
14:06 Feudal Age
13:06 Loom
15:03 Town Watch
17:45 Castle Age
15:53 Double-Bit Axe
16:52 Wheelbarrow
18:00 Horse Collar
19:00 Fletching
20:16 Bodkin Arrow
24:01 Padded Archer Armor
28:17 Bloodlines
29:19 Ballistics
30:16 Heavy Plow
31:06 Forging
34:03 Leather Archer Armor
39:51 Bow Saw
42:19 Hand Cart
46:24 Scale Barding Armor
50:33 Imperial Age
49:28 Chain Barding Armor
51:37 Husbandry
52:31 Plate Barding Armor
51:41 Light Cavalry
53:02 Hussar
53:56 Silk Armor
55:44 Crop Rotation
56:02 Iron Casting
58:00 Blast Furnace
Connection lost

Rejoining the realm…

Still unreachable

The connection could not be restored.

Session expired

The server has moved on; the page needs a fresh start.